 Dungeon Crawl Stone Soup version 0.32-a0-859-gb0a091d592 (webtiles) character file.

Game seed: 7193307169059247985

118036 GleefulGrenadier the Metamorph (level 16, -3/134 HPs)
             Began as a White Draconian Shapeshifter on Mar 27, 2024.
             Was a High Priest of Ru.
             Splashed by a goliath frog's acid (5 damage)
             ... on level 1 of the Swamp.
             The game lasted 00:45:01 (30250 turns).

GleefulGrenadier the Metamorph (DrSh)              Turns: 30250, Time: 00:45:02

Health: -3/134     AC: 19    Str: 18      XL:     16   Next: 24%
Magic:  14/14      EV: 16    Int: 11 (12) God:    Ru [*****.]
Gold:   2264       SH:  0    Dex: 16      Spells: 15/15 levels left

rFire   . .          .
                       - Unarmed
rCold   + . .        (shield currently unavailable)
rNeg    . . .        (body armour unavailable)
rPois   +            J - +2 hat
rElec   .            Q - +0 cloak
rCorr   .            (gloves currently unavailable)
SInv    .            Y - +2 pair of boots
Will    +....        A - amulet of the acrobat Stlth
                     O - +4 ring of protection
HPRegen 0.42/turn    P - ring of poison resistance
MPRegen 0.14/turn

%: acrobat
@: about to teleport, blade hands
A: glacial breath, AC +9, unfitting armour, cold resistance 1, low MP 1,
cold-blooded, no stealth, inability to use devices, hated by all, no fire magic,
no necromancy magic, no alchemy magic, deterioration 1
a: Glacial Breath, Begin Untransformation, Renounce Religion, Draw Out Power,
Power Leap, Apocalypse


You were on level 1 of the Swamp.
You worshipped Ru.
Ru was extremely pleased with you.
You had blades for hands.
You visited 5 branches of the dungeon, and saw 24 of its levels.
You also visited: Sewer, Gauntlet and Volcano.

You collected 3524 gold pieces.
You spent 1260 gold pieces at shops.

Inventory:

Hand Weapons
 B - a +1 quick blade of flaming {rare}
Missiles
 u - 2 throwing nets {=f!f}
 T - 5 curare-tipped darts {=f}
Armour
 H - the +0 buckler of the New World {Harm Regen+}
   (You found it on level 5 of the Dungeon)

   Regen+:    It increases your rate of health regeneration.
   Harm:      It increases damage dealt and taken.
 J - a +2 hat (worn)
 Q - a +0 cloak (worn)
 W - a +0 pair of gloves
 Y - a +2 pair of boots (worn)
Jewellery
 i - an amulet of magic regeneration
 o - a +4 ring of protection
 A - an amulet of the acrobat (around neck)
 D - a +6 ring of dexterity
 E - a +5 ring of evasion
 F - a ring of fire
 O - a +4 ring of protection (left blade hand)
 P - a ring of poison resistance (right blade hand)
 R - a ring of resist corrosion
Talismans
 b - a beast talisman
 c - a flux talisman
 l - a blade talisman (active)
 V - a talisman of death
Scrolls
 a - 4 scrolls of fog
 d - 8 scrolls of teleportation {@r4}
 g - 2 scrolls of immolation {!r!r}
 j - a scroll of acquirement
 m - 2 scrolls of silence {!r!r}
 n - 3 scrolls of blinking {!r}
 s - 3 scrolls of revelation
 v - 2 scrolls of brand weapon
 y - 3 scrolls of poison {!r}
 C - 6 scrolls of enchant weapon
 L - a scroll of torment {!r}
 M - 2 scrolls of amnesia
 N - 7 scrolls of vulnerability {!r!r}
 X - 2 scrolls of fear
Potions
 e - 6 potions of ambrosia
 f - 4 potions of attraction {!q}
 p - 5 potions of cancellation
 q - 6 potions of mutation {!q}
 r - 3 potions of haste {@q3}
 t - 12 potions of curing {@q1}
 w - 2 potions of berserk rage {!q}
 x - 3 potions of brilliance
 z - 3 potions of magic
 G - 6 potions of might
 I - 5 potions of lignification {!q}
 K - 7 potions of heal wounds {@q2}
 S - 3 potions of invisibility
 U - a potion of enlightenment


   Skills:
 - Level 10.0 Fighting
 - Level 10.0 Dodging
 - Level 14.0 Unarmed Combat
 * Level 20.7 Shapeshifting


You had 15 spell levels left.
You didn't know any spells.
Your spell library contained the following spells:

 Spells                   Type           Power      Damage    Failure   Level
 Magic Dart               Conj           0%         1d3       34%         1
 Searing Ray              Conj           0%         2d4       47%         2
 Static Discharge         Conj/Air       0%         3-3/arc   47%         2
 Frozen Ramparts          Ice            0%         1d1       71%         3
 Ozocubu's Armour         Ice            0%         N/A       71%         3
 Passwall                 Erth           0%         N/A       71%         3
 Sigil of Binding         Hex            0%         N/A       71%         3
 Stone Arrow              Conj/Erth      0%         3d7       71%         3
 Airstrike                Air            0%         2d(0-16)  98%         4
 Dimensional Bullseye     Hex/Tloc       0%         N/A       98%         4
 Vhi's Electric Charge    Tloc/Air       0%         N/A       98%         4
 Arcjolt                  Conj/Air       0%         1d10      100%        5
 Lee's Rapid Deconstruct  Erth           0%         3d4*      100%        5
 Metabolic Englaciation   Hex/Ice        0%         N/A       100%        5
 Bombard                  Conj/Erth      0%         9d1       100%        6
 Permafrost Eruption      Ice/Erth       0%         2x4d2     100%        6
 Lehudib's Crystal Spear  Conj/Erth      0%         10d2      100%        8
 Maxwell's Capacitive Co  Air            0%         ∞         100%        8
 Call Canine Familiar     Summ           Unusable   N/A       N/A         3
 Volatile Blastmotes      Fire/Tloc      Unusable   2d10      N/A         3
 Animate Armour           Summ/Erth      Unusable   N/A       N/A         4
 Fulminant Prism          Conj/Alch      Unusable   3d5       N/A         4
 Leda's Liquefaction      Alch/Erth      Unusable   N/A       N/A         4
 Maxwell's Portable Pile  Tloc           Unusable   2d(5-10)  N/A         4
 Summon Lightning Spire   Summ/Air       Unusable   N/A       N/A         4
 Death Channel            Necr           Unusable   N/A       N/A         6
 Sculpt Simulacrum        Ice/Alch       Unusable   N/A       N/A         6
 Haunt                    Necr/Summ      Unusable   N/A       N/A         7
 Borgnjor's Revivificati  Necr           Unusable   N/A       N/A         8
 Death's Door             Necr           Unusable   N/A       N/A         9

Dungeon Overview and Level Annotations

Branches:
Dungeon (15/15)            Temple (1/1) D:7            Lair (5/5) D:8
  Swamp (1/4) Lair:2       Spider (0/4) Lair:3        Slime (0/5) Lair:5
    Orc (2/2) D:12            Elf (0/3) Orc:2        Vaults (0/5) D:14
 Depths (0/4) D:15          Sewer (visited)         Volcano (visited)
Gauntlet (visited)

Altars:
Ashenzari
Cheibriados
Dithmenos
Elyvilon
Gozag
Kikubaaqudgha
Makhleb
Nemelex Xobeh
Okawaru
Qazlal
Ru
Sif Muna
Trog
Uskayaw
Vehumet
Wu Jian
Xom
Zin
The Shining One

Shops:
D:9 [[==   D:10 ?   Orc:2 !(*!

Portals:
Trove: D:11 (give 2 scrolls of acquirement)

Annotations:
D:2 1 runed translucent door, Crazy Yiuf
D:12 3 runed translucent doors, Picsou's ghost, journeyman MiFi
Lair:5 1 runed translucent door


Innate Abilities, Weirdness & Mutations

You have blades for hands.
You are incapable of wielding weapons or throwing items.
You can breathe waves of cold which freeze foes solid.
Your icy white scales are hard. (AC +9)
You cannot fit into any form of body armour.
Your flesh is cold resistant. (rC+)
Your magical capacity is low. (-10% MP)
You are cold-blooded and may be slowed by cold attacks.
You cannot be stealthy.
You cannot study or use magical devices.
You are hated by all.
You cannot study or cast Fire magic.
You cannot study or cast Necromancy magic.
You cannot study or cast Alchemy magic.
Your body sometimes deteriorates upon taking damage.


Message History

You enter the shallow water.
Moving in this stuff is going to be slow.
A swamp drake comes into view.
Found an escape hatch in the floor.
The swamp drake roars!
The bunyip gives a hideous shriek!
A vampire mosquito comes into view.
The goliath frog misses you.
The bunyip howls a warning cry!
You hear a roar!
Your unstable footing causes you to fumble your attack.
The vampire mosquito bites you but does no damage.
The goliath frog hits you from afar.
You are splashed with acid!
The vampire mosquito is stunned by your conviction and fails to attack.
The goliath frog closely misses you.
You are too injured to fight recklessly!
You are too injured to fight recklessly!
The vampire mosquito attacks as it pursues you!
The vampire mosquito barely misses you.
The vampire mosquito closely misses you.
The vampire mosquito bites you but does no damage.
The bunyip completely misses you. x3; The vampire mosquito misses you.
The goliath frog misses you. The vampire mosquito misses you.
The swamp drake begins to attack, but is stunned by your conviction!
The goliath frog completely misses you.
You see here a bog body corpse.
As you read the scroll of teleportation {@r4}, it crumbles to dust.
You feel strangely unstable. The vampire mosquito barely misses you.
The vampire mosquito closely misses you.
The goliath frog hits you from afar!
You are splashed with acid!
You focus your inner power and illuminate the goliath frog in retribution!
The vampire mosquito bites you but does no damage.
The vampire mosquito is stunned by your conviction and fails to attack.
You hit the vampire mosquito.
You feel yourself speed up.
The vampire mosquito bites you but does no damage. x2
The goliath frog hits you but does no damage.
The bunyip claws you!!
* * * LOW HITPOINT WARNING * * *
Your body deteriorates!
You feel dopey. The bunyip claws you!!
* * * LOW HITPOINT WARNING * * *
The bunyip barely misses you. The vampire mosquito bites you.
* * * LOW HITPOINT WARNING * * *
The vampire mosquito draws strength from your injuries!
The vampire mosquito misses you. The goliath frog hits you from afar!
* * * LOW HITPOINT WARNING * * *
You are splashed with acid.
You die...
Ru respects your ultimate sacrifice.

......~.♣.~~♣.~~§.~.~~.~
#..~.♣♣♣♣♣~~♣♣~~.~..~.~.
##..♣♣ ♣...~....~.~♣..
.#..♣ ♣♣.♣~..♣.~~~..
....♣ ♣♣♣....♣...♣
.....♣ ♣♣~..~♣ ##..§.♣
♣♣♣♣♣.~~♣♣ #..~.♣♣
~..~.~~..♣ ..~♣♣
....~..@~♣ .~..
.~~.~~.yyx♣ .~.~~.
)~~~~~~.k.F....>♣ ~~~..
♣.~~..≈≈≈.~...~~.
.~...≈≈≈≈≈≈≈..~~~
...≈≈≈≈≈≈≈≈..♣♣♣
..~≈≈≈≈≈≈≈≈≈..~
...≈≈≈≈≈≈≈≈≈....
♣~...≈≈≈≈≈≈...§


You could see a bunyip, a goliath frog (corona), a swamp drake and 2 vampire
mosquitoes.

Vanquished Creatures
  Jorgrun (D:15)
  A very ugly thing (D:15)
  An ironbound thunderhulk (D:14)
  An eleionoma (Lair:2)
  A minotaur (Gauntlet)
  A dire elephant (Lair:5)
  A bunyip (Swamp:1)
  Azrael (D:13)
  A yaktaur captain (D:10)
  A fire dragon (D:15)
  Erolcha (D:12)
  An entropy weaver (shapeshifter) (D:10)
  A vault guard (D:14)
  A catoblepas (D:15)
  4 boulder beetles
  8 hydras
  11 centaur warriors
  A ghost crab (Gauntlet)
  2 hell hogs (Lair:5)
  7 death yaks
  10 two-headed ogres
  2 orc high priests (Orc:2)
  3 skysharks
  A pharaoh ant (Lair:3)
  3 skeletal warriors (Volcano)
  Pikel (D:7)
  3 bog bodies (Swamp:1)
  2 obsidian bats
  4 deep elf pyromancers
  2 lindwurms (Lair:5)
  4 orc knights
  6 ugly things
  A shining eye (Gauntlet)
  2 wolf spiders
  2 anaconda skeletons (Volcano)
  5 manticores
  5 orc sorcerers
  4 cyclopes
  2 oklob plants
  21 elephants
  A meliai (shapeshifter) (D:10)
  3 meliai
  4 black mambas
  A moth of wrath (Gauntlet)
  3 molten gargoyles (Lair:5)
  2 torpor snails
  3 gargoyles (Volcano)
  A torpor snail (shapeshifter) (D:15)
  10 komodo dragons
  5 rime drakes
  18 cane toads
  Jeremiah (D:7)
  3 yaktaurs (D:15)
  A kobold demonologist (D:14)
  2 tengu conjurers
  A tyrant leech (Swamp:1)
  7 trolls
  Grinder (D:4)
  2 polar bears
  11 blink frogs
  A hornet (Lair:2)
  A harpy skeleton (Volcano)
  26 dream sheep
  13 slime creatures
  A jumping spider (Lair:3)
  A spriggan (shapeshifter) (D:13)
  A shadow (D:11)
  9 wyverns
  3 fire elementals (D:13)
  39 yaks
  5 wraiths
  A centaur simulacrum (D:13)
  3 basilisks
  A warg (shapeshifter) (D:10)
  A golden eye (Gauntlet)
  4 steam dragons
  11 vampire mosquitoes
  3 wargs
  2 swamp worms (Swamp:1)
  8 hell hounds
  3 acid dragons
  23 water moccasins
  Duvessa (D:4)
  24 orc warriors
  5 black bears
  A meliai simulacrum (D:10)
  3 ice beasts
  4 sky beasts
  7 ogres
  10 centaurs
  21 wolves
  3 laughing skulls
  2 phantoms
  2 lemures (D:7)
  4 kobold brigands
  14 bullfrogs
  Blork the orc (D:5)
  A weeping skull (Volcano)
  A gnoll sergeant (D:10)
  6 scorpions
  11 wights
  Dowan (D:4)
  A killer bee (D:8)
  A spriggan skeleton (Volcano)
  A troll skeleton (Volcano)
  8 howler monkeys
  A bombardier beetle (D:3)
  5 lava snakes (Lair:5)
  2 jellies (D:4)
  A gnoll bouda (D:8)
  30 orc priests
  7 hounds
  4 iguanas
  28 orc wizards
  8 adders
  11 gnolls
  4 river rats (Sewer)
  3 shadow imps
  4 ufetubi
  2 dart slugs
  2 ribbon worms
  57 orcs
  4 endoplasms
  5 giant cockroaches
  4 goblins
  4 hobgoblins
  A jackal (D:3)
  19 kobolds
  4 quokkas
  14 ball pythons
  6 bats
  5 frilled lizards
  28 rats
766 creatures vanquished.

Vanquished Creatures (others)
  A two-headed ogre (D:11)
  A harpy skeleton (Volcano)
  A shadow (D:10)
  A vampire (D:10)
  2 orcs
6 creatures vanquished.

Grand Total: 772 creatures vanquished

Notes
Turn   | Place    | Note
-------+----------+-------------------------------------------
     0 | D:1      | GleefulGrenadier the Draconian Shapeshifter began the quest
                  | for the Orb.
     0 | D:1      | Reached XP level 1. HP: 16/16 MP: 1/1
   343 | D:1      | Reached XP level 2. HP: 23/23 MP: 2/2
  1448 | D:2      | Found a runed translucent door.
  1449 | D:2      | Noticed Crazy Yiuf
  1716 | D:2      | Reached skill level 4 in Shapeshifting
  1726 | D:2      | Reached XP level 3. HP: 27/28 MP: 3/3
  2233 | D:3      | Found a shimmering blue altar of Sif Muna.
  2235 | D:3      | You fall into a shaft and drop 1 floor!
  2235 | D:4      | Found a hazy altar of Hepliaklqana.
  2298 | D:4      | Noticed Grinder
  2302 | D:4      | Paralysed by Grinder for 3 turns
  2308 | D:4      | Noticed a kobold brigand
  2318 | D:4      | Killed a kobold brigand
  2319 | D:4      | Reached skill level 5 in Shapeshifting
  2319 | D:4      | Reached XP level 4. HP: 23/35 MP: 4/4
  2319 | D:4      | Paralysed by Grinder for 2 turns
  2328 | D:4      | Killed Grinder
  2329 | D:4      | Reached skill level 6 in Shapeshifting
  2329 | D:4      | Reached XP level 5. HP: 30/40 MP: 5/5
  2329 | D:4      | Reached XP level 6. HP: 35/47 MP: 6/6
  2619 | D:3      | Found an opulent altar of Gozag.
  2772 | D:3      | Found a shadowy altar of Dithmenos.
  3022 | D:3      | Found an ancient bone altar of Kikubaaqudgha.
  3398 | D:3      | Reached skill level 7 in Shapeshifting
  3596 | D:4      | Noticed Dowan
  3643 | D:4      | Your scales start taking on an icy white colour.
  3643 | D:4      | Reached XP level 7. HP: 46/52 MP: 7/7
  3643 | D:4      | Gained mutation: Your flesh is cold resistant. (rC+) [White
                  | Draconian growth]
  3713 | D:4      | Found a sacrificial altar of Ru.
  3773 | D:4      | Became a worshipper of Ru the Awakened
  4077 | D:4      | Found a glowing golden altar of the Shining One.
  4426 | D:4      | Reached skill level 6 in Unarmed Combat
  4632 | D:4      | Noticed Duvessa
  4640 | D:4      | Killed Duvessa
  4651 | D:4      | Killed Dowan
  4683 | D:5      | Entered Level 5 of the Dungeon
  4793 | D:5      | Reached XP level 8. HP: 57/59 MP: 8/8
  4797 | D:5      | Found a glowing drain.
  4825 | Sewer    | Entered a sewer
  4900 | Sewer    | Gained mutation: You cannot study or cast Fire magic. [Ru
                  | sacrifice]
  4900 | Sewer    | Gained mutation: You cannot study or cast Alchemy magic.
                  | [Ru sacrifice]
  4900 | Sewer    | Gained mutation: You cannot study or cast Necromancy magic.
                  | [Ru sacrifice]
  4900 | Sewer    | Reached * piety under Ru
  5378 | D:5      | Identified the +0 buckler of the New World {Harm Regen+}
  5743 | D:5      | Noticed Blork the orc
  5751 | D:5      | Killed Blork the orc
  6123 | D:6      | Noticed a two-headed ogre
  6131 | D:6      | Killed a two-headed ogre
  6132 | D:6      | Reached XP level 9. HP: 31/64 MP: 9/9
  7071 | D:7      | Found a staircase to the Ecumenical Temple.
  7085 | D:7      | Reached skill level 3 in Dodging
  7089 | Temple   | Entered the Ecumenical Temple
  7198 | D:7      | Reached skill level 3 in Fighting
  7221 | D:7      | Identified a scroll of acquirement
  7327 | D:7      | Gained mutation: You cannot study or use magical devices.
                  | [Ru sacrifice]
  7327 | D:7      | Reached ** piety under Ru
  7327 | D:7      | Reached *** piety under Ru
  7408 | D:7      | Reached skill level 8 in Shapeshifting
  7427 | D:7      | Noticed Pikel
  7437 | D:7      | Killed Pikel
  7537 | D:7      | Reached XP level 10. HP: 69/79 MP: 10/10
  7777 | D:7      | Identified the +5 sling of Dedusil {speed, Str+3}
  7809 | D:7      | Noticed Jeremiah
  7818 | D:7      | Killed Jeremiah
  8113 | D:8      | Found a staircase to the Lair.
  8657 | D:8      | Found a shimmering altar of Xom.
  8771 | D:8      | Found a white marble altar of Elyvilon.
  8812 | D:8      | Reached skill level 9 in Shapeshifting
  9018 | D:8      | Found a burning altar of Makhleb.
  9020 | D:8      | Found a glowing silver altar of Zin.
  9174 | D:9      | Noticed a two-headed ogre
  9181 | D:9      | Reached skill level 6 in Fighting
  9188 | D:9      | Killed a two-headed ogre
  9397 | D:9      | Reached XP level 11. HP: 91/91 MP: 11/11
  9423 | D:9      | Found Destrantadgh's Antique Armour Emporium.
  9450 | D:9      | Found Firyasu's Jewellery Shoppe.
  9471 | D:9      | Found Jianleph's Jewellery Shop.
  9533 | D:9      | Found Kiarebut's Jewellery Emporium.
  9659 | D:9      | Gained mutation: You cannot be stealthy. [Ru sacrifice]
  9659 | D:9      | Reached **** piety under Ru
  9778 | D:9      | Found Feomioja's Antique Armour Emporium.
 10011 | D:9      | Noticed a two-headed ogre
 10018 | D:9      | Killed a two-headed ogre
 10019 | D:9      | Reached skill level 6 in Dodging
 10214 | D:10     | Entered Level 10 of the Dungeon
 10223 | D:10     | Noticed a centaur warrior
 10233 | D:10     | Killed a centaur warrior
 10531 | D:10     | Noticed a centaur warrior
 10531 | D:10     | Noticed a yaktaur captain
 10550 | D:10     | Killed a centaur warrior
 10572 | D:10     | Killed a yaktaur captain
 10573 | D:10     | Reached skill level 12 in Unarmed Combat
 10710 | D:10     | Noticed a two-headed ogre
 10714 | D:10     | Noticed a centaur warrior
 10715 | D:10     | Noticed an orc knight
 10715 | D:10     | Noticed a two-headed ogre
 10719 | D:10     | Killed a two-headed ogre
 10724 | D:10     | Killed a centaur warrior
 10725 | D:10     | Reached skill level 10 in Shapeshifting
 10746 | D:9      | Killed a two-headed ogre
 10795 | D:10     | Killed an orc knight
 10795 | D:10     | Noticed a centaur warrior
 10952 | D:10     | Killed a centaur warrior
 10993 | D:10     | Noticed a two-headed ogre
 10996 | D:10     | Noticed a wolf spider
 10998 | D:10     | Killed a two-headed ogre
 11003 | D:10     | Killed a wolf spider
 11219 | D:10     | Reached XP level 12. HP: 83/103 MP: 12/12
 11276 | D:10     | Found a sparkling altar of Nemelex Xobeh.
 11590 | D:10     | Found Cias's Magic Scroll Shop.
 11599 | D:10     | Bought a scroll of blinking for 82 gold pieces
 11599 | D:10     | Bought a scroll of enchant armour for 82 gold pieces
 11599 | D:10     | Bought a scroll of identify for 22 gold pieces
 11599 | D:10     | Bought a scroll of identify for 22 gold pieces
 11599 | D:10     | Bought a scroll of identify for 22 gold pieces
 11599 | D:10     | Bought a scroll of identify for 22 gold pieces
 11652 | D:10     | Reached skill level 9 in Fighting
 11677 | D:10     | Acquired 463 gold pieces
 11680 | D:10     | Noticed an entropy weaver
 11683 | D:10     | Killed an entropy weaver
 11745 | D:10     | Identified the +7 rapier of Wyrd {flame, Int+3}
 11810 | D:10     | Gained mutation: You are hated by all. [Ru sacrifice]
 11810 | D:10     | Reached ***** piety under Ru
 11815 | D:10     | Noticed a five-headed hydra
 11823 | D:10     | Killed a five-headed hydra
 11844 | D:10     | Noticed a boulder beetle
 11853 | D:10     | Killed a boulder beetle
 12146 | D:10     | Noticed a centaur warrior
 12154 | D:10     | Killed a centaur warrior
 12236 | D:10     | Noticed a centaur warrior
 12248 | D:10     | Killed a centaur warrior
 12597 | D:10     | Reached skill level 11 in Shapeshifting
 12929 | D:11     | Found a portal to a secret trove of treasure.
 13093 | D:11     | Noticed a two-headed ogre
 13098 | D:11     | Killed a two-headed ogre
 13939 | D:12     | Noticed a two-headed ogre
 13951 | D:12     | Killed a two-headed ogre
 13994 | D:12     | Found a staircase to the Orcish Mines.
 14051 | D:12     | Found a runed translucent gate.
 14051 | D:12     | Found a runed translucent gate.
 14052 | D:12     | Found a runed translucent gate.
 14052 | D:12     | Noticed an acid blob
 14052 | D:12     | Noticed an azure jelly
 14054 | D:12     | Noticed Picsou's ghost (journeyman MiFi)
 14054 | D:12     | Noticed an azure jelly
 14054 | D:12     | Noticed an acid blob
 14054 | D:12     | Noticed an acid blob
 14055 | D:12     | Noticed an azure jelly
 14055 | D:12     | Noticed an acid blob
 14057 | D:12     | Found the +8 demon blade "Leech" {evervamp, Harm ^Drain
                  | rN+}
 14129 | D:12     | Identified the +9 war axe of Defenestration {holy, rPois
                  | rN++ Will+ rCorr}
 14187 | D:12     | Noticed a centaur warrior
 14187 | D:12     | Noticed an eight-headed hydra
 14194 | D:12     | Reached XP level 13. HP: 99/113 MP: 13/13
 14264 | D:12     | Reached skill level 9 in Dodging
 14363 | D:12     | Noticed Erolcha
 14373 | D:12     | Killed Erolcha
 14387 | D:12     | Reached skill level 12 in Shapeshifting
 14602 | Lair:1   | Entered Level 1 of the Lair of Beasts
 15549 | Lair:1   | Identified the staff of Vehumet, Flying {^Fragile Will++
                  | rCorr Ice Earth}
 15909 | Lair:2   | Reached skill level 13 in Shapeshifting
 16017 | Lair:2   | Identified the +7 falchion of Ignis's Grace {heavy, Str+4}
 16110 | Lair:2   | Found a dark tunnel.
 16122 | Volcano  | Entered a volcano
 16617 | Volcano  | Reached skill level 14 in Shapeshifting
 17474 | Lair:2   | Noticed an eleionoma
 17475 | Lair:2   | Reached XP level 14. HP: 85/121 MP: 14/14
 17567 | Lair:2   | Found a staircase to the Swamp.
 18140 | Lair:3   | Gained mutation: Your magical capacity is low. (-10% MP)
                  | [Ru sacrifice]
 18343 | Lair:3   | Reached skill level 15 in Shapeshifting
 18610 | Lair:3   | Found a hole to the Spider Nest.
 19400 | Lair:4   | Found an ancient bone altar of Kikubaaqudgha.
 19558 | Lair:4   | Reached skill level 16 in Shapeshifting
 20645 | Lair:5   | Entered Level 5 of the Lair of Beasts
 20761 | Lair:5   | Found a runed translucent door.
 20762 | Lair:5   | Noticed an azure jelly
 21200 | Lair:5   | Reached skill level 17 in Shapeshifting
 21677 | Lair:5   | Reached XP level 15. HP: 119/126 MP: 13/13
 21695 | Lair:5   | Identified the +9 morningstar "Qeicuq" {freeze, rElec}
 22441 | Lair:5   | Found a staircase to the Slime Pits.
 22442 | Lair:5   | Noticed an azure jelly
 22484 | Lair:5   | Found a large runed translucent door.
 22486 | Lair:5   | Found a large runed translucent door.
 22641 | Lair:5   | Reached skill level 18 in Shapeshifting
 23561 | Orc:1    | Entered Level 1 of the Orcish Mines
 24088 | Orc:2    | Entered Level 2 of the Orcish Mines
 24675 | Orc:2    | Found Juavaeng's Distillery.
 24675 | Orc:2    | Found Yryahieni's Antique Weapon Shoppe.
 24676 | Orc:2    | Found Izanig's Distillery.
 24681 | Orc:2    | Found Nofilopn's General Store.
 24685 | Orc:2    | Bought a potion of heal wounds for 60 gold pieces
 24685 | Orc:2    | Bought a potion of curing for 36 gold pieces
 24685 | Orc:2    | Bought a potion of cancellation for 96 gold pieces
 24709 | Orc:2    | Paralysed by an orc sorcerer for 4 turns
 24992 | Orc:2    | Found a staircase to the Elven Halls.
 25246 | Orc:2    | Bought a potion of curing for 33 gold pieces
 25246 | Orc:2    | Bought a potion of curing for 33 gold pieces
 25246 | Orc:2    | Bought a potion of curing for 33 gold pieces
 25246 | Orc:2    | Bought a potion of might for 44 gold pieces
 25246 | Orc:2    | Bought a potion of berserk rage for 55 gold pieces
 25246 | Orc:2    | Bought a potion of haste for 110 gold pieces
 25246 | Orc:2    | Bought a potion of might for 44 gold pieces
 25246 | Orc:2    | Bought a potion of mutation for 88 gold pieces
 25246 | Orc:2    | Bought a potion of cancellation for 88 gold pieces
 25248 | Orc:2    | Bought a potion of ambrosia for 96 gold pieces
 25248 | Orc:2    | Bought 2 potions of ambrosia for 192 gold pieces
 25439 | D:13     | Reached skill level 19 in Shapeshifting
 25474 | D:13     | Found a gate leading to a gauntlet.
 25490 | Gauntlet | Entered a Gauntlet
 25490 | Gauntlet | Found a transporter.
 25490 | Gauntlet | Found a transporter.
 25490 | Gauntlet | Found a transporter.
 25517 | Gauntlet | Found a runed translucent door.
 25520 | Gauntlet | Found a transporter.
 25521 | Gauntlet | Found a transporter.
 25530 | Gauntlet | Found a transporter.
 25532 | Gauntlet | Found a transporter.
 25542 | Gauntlet | Found a transporter.
 25558 | Gauntlet | Found a transporter.
 25563 | Gauntlet | Found a transporter.
 25566 | Gauntlet | Found a transporter.
 25579 | Gauntlet | Found a transporter.
 25722 | Gauntlet | Gained mutation: Your body sometimes deteriorates upon
                  | taking damage. [a shining eye]
 25890 | Gauntlet | Identified the +1 flail of the Flying Lamprey {venom, rF+
                  | rN+ rCorr}
 26142 | Gauntlet | Identified the +1 crystal plate armour "Zyxzeot" {*Slow
                  | MP+9 Str-4 Int+5}
 26680 | D:13     | Noticed Azrael
 26687 | D:13     | Killed Azrael
 27460 | D:14     | Reached skill level 20 in Shapeshifting
 28149 | D:14     | Reached XP level 16. HP: 134/134 MP: 14/14
 28151 | D:14     | Found a gate to the Vaults.
 28215 | D:15     | Entered Level 15 of the Dungeon
 29161 | D:15     | Noticed Jorgrun
 29174 | D:15     | Killed Jorgrun
 29540 | D:15     | Found a staircase to the Depths.
 30086 | Swamp:1  | Entered Level 1 of the Swamp
 30250 | Swamp:1  | HP: 2/134 [goliath frog (14)]
 30250 | Swamp:1  | Splashed by a goliath frog's acid

Illustrated notes

Levels and vault maps discovered:
D:1:      eino_arrival_cavern_b, layout_basic, minmay_vboxes
D:2:      layout_basic, uniq_crazy_yiuf_cottage
D:3:      minmay_bubble_buster, layout_loops_ring,
          mainiacjoe_overflow_boulevard, amcnicky_altar_gilded,
          mainiacjoe_overflow_big_doors, patterned_corridor
D:4:      layout_loops_cross, marbit_many_paths,
          nicolae_hepliaklqana_hippocampus, mainiacjoe_overflow_paths,
          uniq_grinder, uniq_duvessa
D:5:      layout_layer_cave, cheibrodos_sewer_entry_drain,
          hangedman_abyss_or_decor_passed, eino_small_chamber_without_monster,
          hangedman_decor_push, hangedman_abyss_or_decor_lesser_grid,
          uniq_blork_the_orc
D:6:      layout_basic
D:7:      layout_gridville, minmay_temple_entry_crystal_x, uniq_pikel,
          uniq_jeremiah
D:8:      layout_loops_ring, grunt_temple_overflow_order_and_chaos_2,
          lemuel_coloured_pillars_altar, kennysheep_mini_moat,
          due_lair_maze_entry_diamond, kennysheep_generic_room_15
D:9:      layout_long_grid, serial_shops, nicolae_shop_advertising_works
          [nicolae_subvault_shop_adworks], shop, kennysheep_little_box,
          nicolae_shop_gaudy_bauble, nicolae_shop_getting_attention
D:10:     layout_layer_cave, lemuel_doored_altar, serial_shops,
          nicolae_shop_competitors_out_of_business, special_room
          [special_room_orc], amcnicky_mini_corridor_feature,
          nicolae_rejected_hall
D:11:     layout_grid_maze, enter_trove_6
D:12:     layout_rooms, minmay_orc_entry_guard_dogs, gammafunk_ghost_ooze,
          minivault_12, uniq_erolcha
D:13:     layout_irregular_city, gauntlet_entry_generic,
          minmay_fractal_squares_gapless_5, uniq_azrael
D:14:     layout_rooms, hellmonk_vaults_keyhole, serial_bayou_pond_a,
          serial_corexii_hall, corexii_hall_statues_i, corexii_hall_statues_i,
          chequers_hall_statues_corner_a, chequers_hall_statues_wall_a
D:15:     gammafunk_enter_depths_forms, layout_basic, corexii_corridor_pit,
          uniq_jorgrun
Temple:   cyrus_temple_forest
Lair:1:   cheibrodos_lair_river_kwai, layout_loops_ring,
          minmay_lair_oklob_items, bh_autumn_forest_stairs, beast_lair_carwin_4
Lair:2:   layout_regular_city, alex1729_swamp_entry_worm_eleionoma,
          nicolae_volcano_entry_two_sided, lemuel_fruit_fields,
          serial_bayou_shore_a
Lair:3:   layout_cave_pods, nicolae_spider_entry_lesser_pyramids,
          lemuel_fruit_fields
Lair:4:   layout_regular_city, eino_small_chamber_without_monster,
          serial_bayou_pond_a, lemuel_oklob_altar
Lair:5:   cheibrodos_lair_end_hotspot, layout_regular_city, slime_entry_2,
          hangedman_lair_generics_rect
Swamp:1:  layout_basic_swamp, gammafunk_ghost_berserking_beasts,
          serial_swamp_ruin, evilmike_swamp_ruin_house_3,
          evilmike_swamp_ruin_rubble_1, evilmike_swamp_ruin_rubble_2,
          swamp_pool_1_2, nicolae_swamp_bean_lake, infiniplex_staircase_pool_2
Orc:1:    nicolae_orc_accident_2, layout_diamond_mine, basic_altar
Orc:2:    st_orc_mages, layout_caves

Skill      XL: |  1  2  3  4  5  6  7  8  9 10 11 12 13 14 15 |
---------------+----------------------------------------------+-----
Shapeshifting  | 4 5 6 7 8 9 10 11 14 17 20 | 20.7
Unarmed Combat | 4 6 10 11 12 13 14 | 14.0
Dodging        | 4 5 7 8 10 | 10.0
Fighting       | 4 6 8 10 | 10.0

Action                     |  1- 3 |  4- 6 |  7- 9 | 10-12 | 13-15 | 16-18 || total
---------------------------+-------+-------+-------+-------+-------+-------++-------
  Melee: Unarmed           |    96 |    82 |   472 |   608 |  1130 |   107 ||  2495
         Tailslap          |    11 |     7 |    68 |   112 |   189 |    25 ||   412
         Punch             |     1 |       |       |    17 |    96 |    12 ||   126
 Invoke: Sacrifice Arcana  |       |       |     1 |       |       |       ||     1
         Sacrifice Artific |       |       |     1 |       |       |       ||     1
         Draw Out Power    |       |       |       |     1 |     2 |     1 ||     4
         Sacrifice Stealth |       |       |       |     1 |       |       ||     1
         Sacrifice Love    |       |       |       |     1 |       |       ||     1
         Reject Sacrifices |       |       |       |       |     3 |       ||     3
         Sacrifice Essence |       |       |       |       |     1 |       ||     1
         Power Leap        |       |       |       |       |     3 |     1 ||     4
Ability: Glacial Breath    |       |       |       |     1 |     6 |       ||     7
  Evoke: Wand              |       |       |     2 |       |       |       ||     2
    Use: Potion            |     1 |       |       |       |     4 |       ||     5
         Scroll            |       |       |     7 |     7 |    23 |     3 ||    40
   Stab: Sleeping          |     1 |       |       |       |       |       ||     1
         Distracted        |       |       |       |     2 |     7 |       ||     9
         Invisible         |       |       |       |     3 |    11 |       ||    14
         Paralysed         |       |       |       |       |       |     1 ||     1
 Armour: Skin              |    40 |    54 |   222 |   332 |   749 |    62 ||  1459
  Dodge: Dodged            |    58 |    60 |   383 |   516 |   849 |    67 ||  1933
   Form: Flux              |       |     1 |       |       |       |       ||     1
         Blade             |       |       |       |     1 |       |       ||     1

Table legend: (Time is in decaauts)
 A = Elapsed time spent in this place.
 B = Non-inter-level travel time spent in this place.
 C = Inter-level travel time spent in this place.
 D = Time resting spent in this place.
 E = Time spent auto-exploring this place.
 F = Levels seen in this place.
 G = Mean time per level.
                   A        B        C        D        E       F      G
               +--------+--------+--------+--------+--------+-----+--------+
         Total |  29846 |  27744 |   2102 |   5531 |  17888 |  27 | 1105.4 |
       Dungeon |  17874 |  16551 |   1323 |   2648 |  11547 |  15 | 1191.6 |
        Temple |     72 |      2 |     70 |      0 |      0 |   1 |   72.0 |
          Lair |   8075 |   7525 |    550 |   2059 |   4365 |   5 | 1615.0 |
         Swamp |    185 |    185 |      0 |      0 |    129 |   1 |  185.0 |
  Orcish Mines |   1684 |   1528 |    156 |    106 |   1126 |   2 |  842.0 |
         Sewer |    393 |    393 |      0 |      0 |    205 |   1 |  393.0 |
       Volcano |    891 |    891 |      0 |    458 |    253 |   1 |  891.0 |
      Gauntlet |    669 |    669 |      0 |    260 |    262 |   1 |  669.0 |
               +--------+--------+--------+--------+--------+-----+--------+

Top non-repeatable levels by time:
    D:10: 2325 daAuts
  Lair:5: 2044 daAuts
  Lair:4: 1984 daAuts
    D:15: 1445 daAuts
  Lair:3: 1397 daAuts
     D:4: 1390 daAuts
     D:1: 1385 daAuts
  Lair:2: 1347 daAuts
     D:9: 1346 daAuts
    D:13: 1325 daAuts
  Lair:1: 1301 daAuts
   Orc:2: 1109 daAuts
    D:11: 1080 daAuts
     D:5: 1058 daAuts
     D:8: 1054 daAuts
